 Dungeon Crawl Stone Soup version 0.25-a0-435-g4b9beb1024 (webtiles) character file.

Game seed: 12897962370480752523, levelgen mode: deterministic

0 Esekla the Ducker (level 1, -4/11 HPs)
             Began as a Spriggan Abyssal Knight on Jan 29, 2020.
             Was a Follower of Lugonu.
             Slain by a tentacled starspawn (13 damage)
             ... on level 1 of the Abyss.
             The game lasted 00:03:27 (482 turns).

Esekla the Ducker (Spriggan Abyssal Knight)          Turns: 482, Time: 00:03:28

Health: -4/11      AC:  2    Str:  8    XL:     1   Next: 0%
Magic:  3/3        EV: 18    Int: 13    God:    Lugonu [*.....]
Gold:   13         SH:  0    Dex: 15    Spells: 0/0 levels left

rFire    . . .     SeeInvis +   a - +1 short sword
rCold    . . .     Gourm    .   (shield restricted)
rNeg     . . .     Faith    .   b - +0 robe
rPois    .         Spirit   .   (helmet restricted)
rElec    .         Reflect  .   (no cloak)
rCorr    .         Harm     .   (gloves unavailable)
MR       .....                  (boots unavailable)
Stlth    +.........             (no amulet)
HPRegen  0.03/turn              (no ring)
MPRegen  0.08/turn              (no ring)

@: very quick
A: very small, unfitting armour, see invisible, herbivore, speed 3, slow
metabolism 2
a: Depart the Abyss, Renounce Religion


You were on level 1 of the Abyss.
You worshipped Lugonu.
Lugonu was aware of your devotion.
You were not hungry.

You visited 0 branches of the dungeon, and saw 0 of its levels.
You visited the Abyss 1 time.

You collected 13 gold pieces.

Inventory:

Hand Weapons
 a - a +1 short sword (weapon)
Armour
 b - a +0 robe (worn)
Scrolls
 d - a scroll of magic mapping {unknown}
Comestibles
 c - a ration


   Skills:
 - Level 2.4 Fighting
 * Level 2.1 Short Blades
 + Level 3.5 Dodging
 + Level 1.7 Invocations


You couldn't memorise any spells.
You didn't know any spells.
Your spell library was empty.

Dungeon Overview and Level Annotations

Branches:
Dungeon (0/15)

Altars:


Innate Abilities, Weirdness & Mutations

You are very small and have problems with some larger weapons.
You are too small for most types of armour.
You have supernaturally acute eyesight. (SInv)
You are a herbivore.
You cover ground extremely quickly.
You need to consume almost no food.


Message History

A small abomination comes into view. 2 starspawn tentacles come into view.
You enter the shallow water.
Moving in this stuff is going to be slow.
Found 13 gold pieces.
You now have 13 gold pieces.
A starspawn tentacle comes into view.
A large abomination comes into view.
Tentacles burst from the starspawn's body! 2 starspawn tentacles come into view.
The starspawn tentacle grabs you. The starspawn tentacle constricts you.
You escape the starspawn tentacle's grasp.
The tentacled starspawn completely misses you.
The tentacled starspawn closely misses you.
You start resting.
The tentacled starspawn is too close now for your liking.
You hit the tentacled starspawn but do no damage.
The tentacled starspawn bites you!
Ouch! That really hurt!
You die...

##.#..#.# .#
#. ###.
##..#. .#
#.##.#..####
. #
#...##.## .#
#.##..#.# .#
# ##.X...##
# ###.
##....# .#.
####X.# #
.### #@#.#.#
#.#. . #
##X#### ##.#
. ### # .#
.# . .## .#
.. # . .#. #
. .# ## . #


You could see a tentacled starspawn.

Vanquished Creatures (others)
  8 starspawn tentacles (Abyss:1)
8 creatures vanquished.

Notes
Turn   | Place    | Note
-------+----------+-------------------------------------------
     0 | Abyss:1  | Esekla the Spriggan Abyssal Knight began the quest for the
                  | Orb.
     0 | Abyss:1  | Reached XP level 1. HP: 11/11 MP: 3/3
    81 | Abyss:1  | Found a corrupted altar of Lugonu.
   117 | Abyss:1  | Noticed a raiju
   311 | Abyss:1  | Noticed a small abomination
   325 | Abyss:1  | Noticed a worldbinder
   340 | Abyss:1  | Noticed a tentacled starspawn
   350 | Abyss:1  | Noticed a bone dragon
   357 | Abyss:1  | Noticed a small abomination
   414 | Abyss:1  | Noticed a large abomination
   482 | Abyss:1  | Slain by a tentacled starspawn

Levels and vault maps discovered:
Abyss:1:  minivault_5, lemuel_flamethrower_3

Action                   || total
-------------------------++-------
Melee: Short sword       ||     1
Dodge: Dodged            ||     2

Table legend:
 A = Non-vault XP
 B = Vault XP
 C = Vault XP percentage of total XP
 D = Non-vault monster count
 E = Vault monster count
 F = Vault count percentage of total count
                 A         B        C        D         E       F
            +---------+---------+-------+---------+---------+-------
      Total |       0 |       0 |   N/A |       0 |       0 |  -nan
            +---------+---------+-------+---------+---------+-------
            +---------+---------+-------+---------+---------+-------
